 Dungeon Crawl Stone Soup version 0.30.0-5-g1a98f26d00 (webtiles) character file.

Game seed: 3324571412800817257

147 GnoME the Insei (level 5, -6/54 HPs)
             Began as an Octopode Transmuter on May 10, 2023.
             Splashed by a jelly's acid (7 damage)
             ... on level 4 of the Dungeon.
             The game lasted 00:07:51 (2896 turns).

GnoME the Insei (Octopode Transmuter)               Turns: 2896, Time: 00:07:52

Health: -6/54      AC: 14    Str: 15    XL:     5   Next: 29%
Magic:  0/8        EV:  2    Int: 18    God:
Gold:   148        SH:  0    Dex: 12    Spells: 7/8 levels left

rFire   . . .        i - +0 dagger (venom)
rCold   . . .        (no shield)
rNeg    . . .        (helmet currently unavailable)
rPois   +            g - amulet of guardian spirit
rElec   .            f - +6 ring of strength
rCorr   .            u - ring of see invisible
SInv    +            (no ring)
Will    .....        (no ring)
Stlth   +            (no ring)
HPRegen 0.29/turn    (no ring)
MPRegen 0.11/turn    (no ring)
                     (no ring)

%: guardian spirit
@: tree-form, corroded
A: stationary, stasis, torment immunity, boosted hp, almost no armour,
(amphibious), 8 rings, (camouflage 1), (gelatinous body 1), (nimble swimmer 1),
(tentacles)
a: no special abilities


You were on level 4 of the Dungeon.
You were a tree.
You visited 1 branch of the dungeon, and saw 4 of its levels.

You collected 148 gold pieces.

Inventory:

Hand Weapons
 i - a +0 dagger of venom (weapon)
   (You took it off a kobold on level 1 of the Dungeon)
Missiles
 j - 6 poisoned darts
Armour
 q - a +0 hat of see invisible
   (You found it on level 2 of the Dungeon)
Jewellery
 f - a +6 ring of strength (left branch)
   (You found it on level 1 of the Dungeon)
 g - an amulet of guardian spirit (around neck)
   (You found it on level 1 of the Dungeon)
 u - a ring of see invisible (right branch)
   (You found it on level 3 of the Dungeon)
Scrolls
 b - a scroll of noise {unknown}
 e - 2 scrolls of blinking {unknown}
 h - a scroll of torment {unknown}
 m - a scroll of enchant armour {unknown}
 o - a scroll of teleportation {unknown}
 p - a scroll of brand weapon {unknown}
 r - a scroll of poison {unknown}
 s - a scroll of identify {unknown}
 v - a scroll of fear {unknown}
 y - a scroll of fog {unknown}
Potions
 c - a potion of ambrosia {unknown}
 d - a potion of curing {unknown}
 k - a potion of attraction {unknown}
 l - 5 potions of resistance {unknown}
 n - a potion of cancellation {unknown}
 t - a potion of flight {unknown}
 w - a potion of invisibility {unknown}
 x - a potion of magic {unknown}


   Skills:
 * Level 3.1 Fighting
 + Level 2.9 Dodging
 + Level 3.6 Unarmed Combat
 - Level 2.0 Spellcasting
 + Level 2.8 Transmutations


You had 7 spell levels left.
You knew the following spells:

 Your Spells              Type           Power      Damage    Failure   Level
a - Beastly Appendage     Tmut           24%        N/A       5%          1

Your spell library contained the following spells:

 Spells                   Type           Power      Damage    Failure   Level
 Wereblood                Tmut           12%        N/A       9%          2
 Spider Form              Tmut/Pois      7%         N/A       30%         3
 Ice Form                 Ice/Tmut       7%         N/A       69%         4


Dungeon Overview and Level Annotations

Branches:
Dungeon (4/15)
 Temple: D:4-7

Altars:
Hepliaklqana
Okawaru


Innate Abilities, Weirdness & Mutations

You are a tree.
Your roots penetrate the ground, keeping you stationary.
You cannot be teleported.
You are immune to unholy pain and torment.
Your maximum health is greatly increased.
You cannot wear most types of armour.
((You are amphibious.))
You can wear up to eight rings at the same time.
((Your skin changes colour to match your surroundings (Stealth+).))
((Your rubbery body absorbs attacks. (AC +1, EV +1)))
((You are camouflaged when in or above water. (Stealth+)))
((You have tentacles for arms and can constrict up to eight enemies at once.))


Message History

A goblin comes into view. It is wielding a +0 dagger.
Unknown command.
The helpless goblin fails to defend itself.
You hit the goblin.
You kill the goblin!
No target in view!
Things that are here:
a +0 dagger; a +0 sling
Found a stone staircase leading down.
A goblin comes into view. It is wielding a +0 club.
Found 17 gold pieces.
The goblin shouts!
You closely miss the goblin. Your grab misses the goblin.
A scorpion comes into view.
The goblin hits you but does no damage.
You barely miss the goblin. You grab the goblin. You constrict the goblin.
The goblin closely misses you.
You hit the goblin.
You kill the goblin!
You hit the scorpion but do no damage.
The scorpion is poisoned.
Your grab misses the scorpion. The scorpion stings you.
You take 5 damage, and have 25/30 hp.
You now have 6/7 mp.
You closely miss the scorpion. You grab the scorpion. You squeeze the scorpion.
The scorpion is heavily wounded.
You constrict the scorpion.
The scorpion stings you but does no damage.
You hit the scorpion but do no damage.
The scorpion looks as sick as possible!
Your squeeze misses the scorpion.
The scorpion is almost dead.
You constrict the scorpion.
You kill the scorpion!
You have reached level 5!
You feel clever.
You regained 5 hp, and now have 30/36 hp.
Magic restored.
HP restored.
w - a bubbling brown potion Health restored: 36; MP restored: 8 You now have 137 gold pieces (gained 17).
x - a lumpy ruby potion
l - 5 smoky red potions (gained 3)
A worm comes into view.
Unknown command.
Found 11 gold pieces.
You hit the worm but do no damage. You grab the worm. You constrict the worm.
The worm bites you!
You take 8 damage, and have 28/36 hp.
MASSIVE DAMAGE!!
You now have 6/8 mp.
You hit the worm. You squeeze the worm, but do no damage.
The worm is moderately wounded.
You constrict the worm. The worm misses you.
You hit the worm.
The worm is heavily wounded.
You constrict the worm. You hit the worm.
The worm is poisoned.
The worm is severely wounded.
You constrict the worm.
You kill the worm!
Your Fighting skill increases to level 3!
No target in view!
No target in view!
There is an iron altar of Okawaru here.
You see here a worm corpse.
You now have 148 gold pieces (gained 11).
A quokka comes into view.
Health restored: 36; MP restored: 8 You miss the quokka.
Your grab misses the quokka. Your squeeze misses the quokka.
The quokka bites you.
You take 1 damage, and have 35/36 hp.
You now have 7/8 mp.
You hit the quokka. Your grab misses the quokka. You squeeze the quokka.
The quokka is almost dead.
The quokka bites you but does no damage.
You hit the quokka.
You kill the quokka!
No target in view!
Found a stone staircase leading down.
Health restored: 36; MP restored: 8 No target in view!
Found a robe.
y - a scroll labelled YMITYO PEONE You open the door.
Found a stone staircase leading down.
There is an open door here.
An iguana comes into view.
The iguana hisses angrily.
The iguana bites you!
You take 13 damage, and have 23/36 hp.
MASSIVE DAMAGE!!
You now have 6/8 mp.
You hit the iguana but do no damage.
The iguana is poisoned.
You grab the iguana. You constrict the iguana. The iguana closely misses you.
You hit the iguana but do no damage.
The iguana looks as sick as possible!
The iguana is lightly wounded.
You constrict the iguana. The iguana bites you.
You take 3 damage, and have 20/36 hp.
You hit the iguana but do no damage.
The iguana looks as sick as possible!
The iguana is heavily wounded.
You constrict the iguana. The iguana bites you.
You take 4 damage, and have 16/36 hp.
You now have 5/8 mp.
You are too injured to fight recklessly!
You are too injured to fight recklessly!
You hit the iguana but do no damage.
The iguana looks as sick as possible!
You squeeze the iguana.
The iguana is severely wounded.
You constrict the iguana.
You kill the iguana!
You start resting.
Magic restored.
You regained 6 hp, and now have 22/36 hp.
MP restored: 8 HP restored.
You see here an iguana corpse.
Found a leather armour.
Health restored: 36 You see here a +0 leather armour.
A jelly comes into view.
An adder comes into view.
The jelly quivers.
You hit the jelly.
Your tentacles burn!
The jelly is moderately wounded.
The jelly closely misses you.
You take 1 damage, and have 35/36 hp.
You hit the jelly but do no damage.
Your tentacles burn!
The jelly is moderately wounded.
The jelly hits you.
You are splashed with acid!
You take 10 damage, and have 25/36 hp.
MASSIVE DAMAGE!!
You now have 5/8 mp.
You hit the jelly.
Your tentacles burn!
The jelly is moderately wounded.
The jelly closely misses you.
You take 1 damage, and have 24/36 hp.
You now have 4/8 mp.
You hit the jelly but do no damage.
The jelly is poisoned.
Your tentacles burn!
The jelly is moderately wounded.
The jelly hits you but does no damage.
You take 5 damage, and have 19/36 hp.
You hit the jelly.
The jelly looks even sicker.
The acid corrodes you!
Your tentacles burn!
The jelly is severely wounded.
The jelly hits you. The acid corrodes you!
You are splashed with acid!
* * * LOW HITPOINT WARNING * * *
You take 12 damage, and have 7/36 hp.
MASSIVE DAMAGE!!
You now have 2/8 mp.
The jelly attacks as you move away! The jelly barely misses you.
The jelly attacks as you move away! The jelly hits you.
* * * LOW HITPOINT WARNING * * *
You are splashed with acid.
* * * LOW HITPOINT WARNING * * *
You take 6 damage, and have 2/36 hp.
You now have 0/8 mp.
Really quaff the potion of lignification? [Y]es or [N]o only, please.
Really quaff the potion of lignification?
You turn into a tree.
Your roots penetrate the ground.
The jelly hits you.
* * * LOW HITPOINT WARNING * * *
The acid corrodes you!
You are splashed with acid!
You die...

###### #.#.#
.....# #.#.#
.....# #.#.#
.....###
#.#.#
.....'>#
#.#.#
.....#.#
#.#.#
######.#
#.#.# #.#
#.#.# #.#
#.#♣# #†#
#.#J# #.#
#.#S#
#.#######.#.#
#.........#.#
###########.#
#.# #.# #.#


You could see a jelly (very poisoned) and an adder.

Vanquished Creatures
  A scorpion (D:4)
  An iguana (D:4)
  2 worms
  A dart slug (D:1)
  An orc (D:4)
  9 endoplasms
  4 giant cockroaches
  3 hobgoblins
  3 jackals (D:1)
  A quokka (D:4)
  5 ball pythons
  5 bats
  3 frilled lizards
  5 goblins
  6 kobolds (D:1)
  3 rats
53 creatures vanquished.

Notes
Turn   | Place    | Note
-------+----------+-------------------------------------------
     0 | D:1      | GnoME the Octopode Transmuter began the quest for the Orb.
     0 | D:1      | Reached XP level 1. HP: 13/13 MP: 3/3
   170 | D:1      | Reached XP level 2. HP: 12/18 MP: 5/5
   530 | D:1      | Reached XP level 3. HP: 18/24 MP: 2/6
  1439 | D:2      | Found a faded altar of an unknown god.
  1472 | D:2      | You fall into a shaft and drop 1 floor!
  1993 | D:3      | Found a hazy altar of Hepliaklqana.
  2566 | D:4      | Found an iron altar of Okawaru.
  2570 | D:4      | Reached XP level 4. HP: 30/30 MP: 7/7
  2611 | D:4      | Noticed a scorpion
  2616 | D:4      | Killed a scorpion
  2617 | D:4      | Reached XP level 5. HP: 30/36 MP: 6/8
  2896 | D:4      | HP: 1/54 [jelly (2)]
  2896 | D:4      | Splashed by a jelly's acid

Illustrated notes

Levels and vault maps discovered:
D:1:      ldierk_walled_garden_2, layout_loops_corners
D:2:      layout_basic, shapermc_ecumenical_altar_mp_urbaneastern,
          minmay_crystal_water
D:3:      layout_basic, mainiacjoe_overflow_24_doors
D:4:      layout_basic, okawaru_metal_pillars_1_2, doesnt_xom_only_xom,
          serial_shops, shop_statue

Skill      XL: |  1  2  3  4  5 |
---------------+----------------+-----
Fighting       | 2 3 |  3.1
Dodging        | |  2.9
Unarmed Combat | |  3.6
Spellcasting   | |  2.0
Transmutations | |  2.8

Action                     |  1- 3 |  4- 6 || total
---------------------------+-------+-------++-------
  Melee: Unarmed           |    52 |       ||    52
         Constrict         |    20 |     4 ||    24
         Tentacles         |    20 |     4 ||    24
         Punch             |     4 |       ||     4
         Dagger            |    38 |    23 ||    61
   Cast: Beastly Appendage |     1 |       ||     1
    Use: Potion            |       |     1 ||     1
   Stab: Sleeping          |    13 |     1 ||    14
 Armour: Skin              |     6 |     4 ||    10
  Dodge: Dodged            |    43 |     6 ||    49
